 Dungeon Crawl Stone Soup version 0.17.0-26-gececa24 (webtiles) character file.

123 bart the Conjurer (level 4, -2/24 HPs)
             Began as a Deep Elf Conjurer on Nov 20, 2015.
             Killed from afar by Natasha (8 damage)
             ... with a wand of frost
             ... on level 4 of the Dungeon.
             The game lasted 00:05:32 (991 turns).

bart the Conjurer (Deep Elf Conjurer)                Turns: 991, Time: 00:05:32

Health: -2/24      AC:  2    Str:  5    XL:     4   Next: 80%
Magic:  0/13       EV: 13    Int: 21    God:
Gold:   63         SH:  0    Dex: 15    Spells: 2 memorised, 10 levels left

rFire  . . .     SeeInvis .     a - +0 club
rCold  . . .     Clarity  .     d - +0 robe
rNeg   . . .     SustAt   +     (no shield)
rPois  .         Gourm    .     (no helmet)
rElec  .         Spirit   .     (no cloak)
rCorr  .         Warding  .     (no gloves)
rMut   .         Stasis   .     (no boots)
MR     .....                    (no amulet)
Stlth  ++........               (no ring)
                                m - ring of sustain attributes

@: not resistant to hostile enchantments, unstealthy
A: no striking features
a: no special abilities


You were on level 4 of the Dungeon.
You were not hungry.

You visited 1 branch of the dungeon, and saw 5 of its levels.

You collected 63 gold pieces.

Inventory:

Hand Weapons
 a - a +0 club (weapon)
Missiles
 n - 9 poisoned needles
Armour
 d - a +0 robe (worn)
Jewellery
 h - an uncursed ring of fire {rF+, rC-}
 m - a ring of sustain attributes (left hand)
Scrolls
 e - a scroll of enchant armour {unknown}
 g - a scroll of noise {unknown}
 i - 2 scrolls of random uselessness {unknown}
 l - a scroll of identify {unknown}
 q - a scroll of amnesia {unknown}
Potions
 k - 4 potions of brilliance {unknown}
 o - 2 potions of poison {unknown}
 r - a potion of flight {unknown}
 s - a potion of cure mutation {unknown}
 t - a potion of magic {unknown}
Books
 b - a book of Conjurations
Comestibles
 c - 4 bread rations
 f - 4 beef jerkies
 j - a royal jelly
 p - 3 chunks of flesh


   Skills:
 - Level 2.4 Dodging
 - Level 2.4 Stealth
 + Level 5.2 Spellcasting
 + Level 5.7 Conjurations


You had 10 spell levels left.
You knew the following spells:

 Your Spells              Type           Power        Failure   Level  Hunger
a - Magic Dart            Conj           ####         1%          1    None
b - Searing Ray           Conj           ####..       1%          2    None


Dungeon Overview and Level Annotations

Branches:
Dungeon (5/15)
 Temple: D:4-7

Altars:
Okawaru
Trog

Annotations:
D:4 Natasha


Message History

Unknown command.
Unknown command.
The iguana hisses angrily.
Casting: Searing Ray
Confirm with . or Enter, or press ? or * to list all spells.
Aiming: Searing Ray
Press: ? - help, Shift-Dir - straight line, f - iguana
Aim: an iguana The searing ray hits the iguana.
The iguana is moderately wounded.
The searing ray hits the iguana.
The iguana is moderately wounded.
The searing ray hits the iguana.
You kill the iguana!
You see here an iguana corpse.
You butcher the iguana corpse.
p - 3 chunks of flesh (gained 1) Marking area around Natasha as unsafe for travelling.
A skeleton and Natasha come into view.
Natasha hisses angrily.
Natasha casts a spell at you. The magic dart hits you!
Unknown command.
Casting: Searing Ray
Confirm with . or Enter, or press ? or * to list all spells.
Aiming: Magic Dart
Press: ? - help, Shift-Dir - straight line, f - Natasha
Aim: Natasha The magic dart hits Natasha.
Natasha is lightly wounded.
Casting: Magic Dart
Confirm with . or Enter, or press ? or * to list all spells.
Aiming: Magic Dart
Press: ? - help, Shift-Dir - straight line, f/p - Natasha
Aim: Natasha (lightly wounded)
The magic dart hits Natasha.
Natasha is moderately wounded.
Natasha howls an incantation.
You feel disoriented.
Casting: Magic Dart
Confirm with . or Enter, or press ? or * to list all spells.
Aiming: Magic Dart
Press: ? - help, Shift-Dir - straight line, f/p - Natasha
Aim: Natasha (moderately wounded)
The magic dart hits Natasha.
Natasha is heavily wounded.
Natasha barely misses you.
Casting: Magic Dart
Confirm with . or Enter, or press ? or * to list all spells.
Aiming: Magic Dart
Press: ? - help, Shift-Dir - straight line, f/p - Natasha
Aim: Natasha (heavily wounded)
The magic dart hits Natasha.
Natasha is heavily wounded.
Natasha claws you but does no damage.
Casting: Magic Dart
Confirm with . or Enter, or press ? or * to list all spells.
Aiming: Magic Dart
Press: ? - help, Shift-Dir - straight line, f/p - Natasha
Aim: Natasha (heavily wounded)
The magic dart hits Natasha.
You kill Natasha!
Natasha screams in pain as she dies!
Your Spellcasting skill increases to level 5!
Press: ? - help, v - describe, . - travel
Here: an adder skeleton The floor.
Unknown command.
You barely miss the adder skeleton. The adder skeleton bites you.
You hit the adder skeleton.
The adder skeleton bites you but does no damage.
The adder skeleton closely misses you.
You hit the adder skeleton. The adder skeleton bites you.
Natasha, Servant of Life and Death comes into view.
You hit the adder skeleton but do no damage.
The adder skeleton bites you but does no damage. x2
Natasha zaps a wand.
The puff of frost hits you!
* * * LOW HITPOINT WARNING * * *
It is a wand of frost.
Unknown command.
Casting: Magic Dart
Confirm with . or Enter, or press ? or * to list all spells.
Aiming: Magic Dart
Press: ? - help, Shift-Dir - straight line, f - adder skeleton
Aim: an adder skeleton The magic dart hits Natasha.
Natasha is lightly wounded.
The adder skeleton bites you but does no damage.
Casting: Magic Dart
Confirm with . or Enter, or press ? or * to list all spells.
Aiming: Magic Dart
Press: ? - help, Shift-Dir - straight line, f - adder skeleton
Aim: an adder skeleton The magic dart hits Natasha.
Natasha is moderately wounded.
The adder skeleton bites you.
* * * LOW HITPOINT WARNING * * *
Natasha mewls in sadness.
Natasha zaps a wand.
The puff of frost hits you!
You die...

#.# #..# ... #.... #.# #.#
##.##..# #.... #.#
#.####..#.. ###.... #.#
#.......#.# #.....Z ...
#.#####.#.## .....
###.####.# #....# ...
........# ##...#
######.####.####.######...#
.......†.Z@....h...........
#.####.#########.######..#.
#. #.........#.... #.
#.##.####.#.#.# #. # #.#
#.#.. #. #.# #.##. #. #.#
#.# . #. #.# .# ## #.#


You could see Natasha and an adder skeleton.

Vanquished Creatures
  An iguana (D:4)
  Natasha (D:4)
  A worker ant (D:4)
  A gnoll (D:5)
  An ooze (D:4)
  2 worms (D:3)
  2 giant geckos
  2 orcs (D:4)
  A ball python (D:4)
  3 bats (D:3)
  2 giant cockroaches (D:1)
  3 goblins
  2 hobgoblins
  3 jackals (D:5)
  A kobold (D:1)
  3 giant newts
  4 rats
33 creatures vanquished.

Notes
Turn   | Place    | Note
--------------------------------------------------------------
     0 | D:1      | bart the Deep Elf Conjurer began the quest for the Orb.
     0 | D:1      | Reached XP level 1. HP: 10/10 MP: 6/6
    94 | D:1      | Reached XP level 2. HP: 15/15 MP: 0/8
   545 | D:3      | Reached skill level 4 in Spellcasting
   603 | D:3      | Found an iron altar of Okawaru.
   603 | D:3      | Found a bloodstained altar of Trog.
   684 | D:4      | Reached skill level 5 in Conjurations
   684 | D:4      | Reached XP level 3. HP: 19/19 MP: 7/10
   752 | D:5      | Entered Level 5 of the Dungeon
   752 | D:5      | Noticed an ogre
   758 | D:4      | Learned a level 2 spell: Searing Ray
   837 | D:5      | Noticed a phantom
   914 | D:5      | Reached XP level 4. HP: 22/24 MP: 3/12
   921 | D:5      | Noticed an ice beast
   977 | D:4      | Noticed Natasha
   983 | D:4      | Killed Natasha
   983 | D:4      | Reached skill level 5 in Spellcasting
   989 | D:4      | Noticed Natasha
   991 | D:4      | HP: 6/24 [adder skeleton (2)]
   991 | D:4      | Killed from afar by Natasha

Action                   |  1- 3 |  4- 6 || total
-------------------------+-------+-------++-------
Melee: Club              |     8 |     4 ||    12
 Cast: Magic Dart        |    56 |    10 ||    66
       Searing Ray       |     1 |     1 ||     2
 Stab: Sleeping          |     3 |       ||     3

Vault maps used:
D:1:      tarquinn_simple_flora_water_d, corner_web_ring, minivault_14
D:2:      nemelex_altar_shiori
D:3:      gammafunk_temple_overflow_wave, first_bread, minmay_stone_trees_small,
          nrook_uturn
D:4:      kennysheep_goblin_castle, serial_shops, shop, uniq_natasha, uniq_robin
D:5:      kennysheep_six_static_rooms, serial_shops, nicolae_shop_crystal,
          uniq_sigmund

Table legend:
 A = Turns spent in this place as a percentage of turns spent in the entire game.
 B = Non-inter-level travel turns spent in this place as a percentage of non-inter-level travel turns spent in the entire game.
 C = Inter-level travel turns spent in this place as a percentage of turns spent in this place.
 D = Turns resting spent in this place as a percentage of non-inter-level travel turns spent in this place.
 E = Turns spent auto-exploring this place as a percentage of non-inter-level travel turns spent in this place.
 F = Non-inter-level travel turns spent in this place divided by the number of levels of this place that you've seen.
                   A       B       C       D       E      F
               +-------+-------+-------+-------+-------+----------------------
         Total | 100.0 | 100.0 |   0.1 |   0.0 |   0.0 | 146.0
       Dungeon | 100.0 | 100.0 |   0.1 |   0.0 |   0.0 | 146.0
               +-------+-------+-------+-------+-------+----------------------

Table legend:
 A = Kills in this place as a percentage of kills in entire the game.
 B = Kills by you in this place as a percentage of kills by you in the entire game.
 C = Kills by friends in this place as a percentage of kills by friends in the entire game.
 D = Other kills in this place as a percentage of other kills in the entire game.
 E = Experience gained in this place as a percentage of experience gained in the entire game.
 F = Experience gained in this place divided by the number of levels of this place that you have seen.
                   A       B       C       D       E      F
               +-------+-------+-------+-------+-------+----------------------
         Total | 100.0 | 100.0 |  -nan |  -nan | 100.0 |  35.4
       Dungeon | 100.0 | 100.0 |  -nan |  -nan | 100.0 |  35.4
               +-------+-------+-------+-------+-------+----------------------
